 Dungeon Crawl Stone Soup version 0.20.1-1-g8b1a95d (webtiles) character file.

17651 kae the Spear-Bearer (level 12, -4/80 HPs)
             Began as a Gargoyle Fighter on Sept 23, 2017.
             Was a Priest of Makhleb.
             Slain by a polar bear (5 damage)
             ... on level 3 of the Lair of Beasts.
             The game lasted 00:18:08 (13755 turns).

kae the Spear-Bearer (Gargoyle Fighter)            Turns: 13755, Time: 00:18:09

Health: -4/80      AC: 23    Str: 26    XL:     12   Next: 50%
Magic:  16/16      EV:  7    Int:  8    God:    Makhleb [***...]
Gold:   668        SH:  9    Dex:  9    Spells: 11/11 levels left

rFire    . . .     SeeInvis +   a - +7 spear
rCold    . . .     Gourm    .   c - +0 shield
rNeg     + . .     Faith    .   b - +0 scale mail
rPois    ∞         Spirit   .   p - +0 helmet
rElec    +         Reflect  .   t - +1 cloak {MR+}
rCorr    .         Harm     .   s - +0 pair of gloves
MR       +....                  (no boots)
Stlth    ..........             (no amulet)
Regen    0.3/turn               B - ring of see invisible
MPRegen  0.2/turn               H - ring of flight

@: no status effects
A: negative energy resistance 1, electricity resistance, unbreathing,
petrification resistance, rot immunity, AC +8
a: Minor Destruction, Lesser Servant of Makhleb, Renounce Religion, Evoke Flight


You were on level 3 of the Lair of Beasts.
You worshipped Makhleb.
Makhleb was most pleased with you.
You were hungry.

You visited 3 branches of the dungeon, and saw 14 of its levels.

You collected 668 gold pieces.

Inventory:

Hand Weapons
 a - a +7 spear (weapon)
Missiles
 C - a throwing net (quivered)
Armour
 b - a +0 scale mail (worn)
 c - a +0 shield (worn)
 p - a +0 helmet (worn)
 s - a +0 pair of gloves (worn)
 t - a +1 cloak of magic resistance (worn)
Jewellery
 k - an uncursed ring of magical power
 B - a ring of see invisible (left hand)
 H - a ring of flight (right hand)
 T - an uncursed ring of protection from cold {unknown}
 Z - an uncursed amulet of faith {unknown}
Wands
 r - a wand of random effects (0/48)
 A - a wand of polymorph (10/24)
 E - a wand of confusion (30/48)
 G - a wand of flame (11/48)
 J - a wand of confusion (10/48)
 N - a wand of iceblast (7/15)
 P - a wand of flame (34/48)
 S - a wand of lightning (7/15)
 W - a wand of iceblast (5/15)
Scrolls
 i - 2 scrolls of enchant armour
 l - 5 scrolls of teleportation
 m - a scroll of magic mapping
 n - 7 scrolls of remove curse
 y - 4 scrolls of amnesia
 D - 2 scrolls of fear
 X - 2 scrolls of recharging
Potions
 d - 3 potions of might
 e - 4 potions of cancellation
 g - a potion of mutation
 h - a potion of agility {unknown}
 v - 3 potions of invisibility
 w - 2 potions of berserk rage
 x - 3 potions of flight
 z - a potion of curing
 F - 2 potions of haste {unknown}
 I - a potion of lignification
 M - a potion of brilliance
 O - 2 potions of heal wounds {unknown}
 Y - a potion of resistance {unknown}
Books
 L - a book of Flames

   Spells                             Type                      Level
   a - Flame Tongue                   Conjuration/Fire             1
   b - Throw Flame                    Conjuration/Fire             2
   c - Conjure Flame                  Conjuration/Fire             3
   d - Inner Flame                    Hexes/Fire                   3
   e - Sticky Flame                   Conjuration/Fire             4
   f - Fireball                       Conjuration/Fire             5
 Q - a book of Necromancy

   Spells                             Type                      Level
   a - Pain                           Necromancy                   1
   b - Animate Skeleton               Necromancy                   1
   c - Vampiric Draining              Necromancy                   3
   d - Regeneration                   Charms/Necromancy            3
   e - Animate Dead                   Necromancy                   4
   f - Control Undead                 Necromancy                   4
Comestibles
 f - 6 bread rations
 j - 16 fruits
 o - 14 meat rations
 q - 2 chunks of flesh
 K - 7 royal jellies


   Skills:
 + Level 11.0 Fighting
 * Level 12.5 Polearms
 + Level 11.1 Armour
 - Level 3.2 Shields
 + Level 6.1 Invocations


You had 11 spell levels left.
You didn't know any spells.

Dungeon Overview and Level Annotations

Branches:
Dungeon (10/15)            Temple (1/1) D:4            Lair (3/6) D:8
  Swamp (0/4) Lair:2
  Snake: Lair:2-4    Spider: Lair:2-4       Orc: D:9-12

Altars:
Ashenzari
Cheibriados
Dithmenos
Elyvilon
Fedhas
Gozag
Hepliaklqana
Kikubaaqudgha
Makhleb
Nemelex Xobeh
Okawaru
Qazlal
Ru
Sif Muna
Trog
Uskayaw
Vehumet
Xom
Yredelemnul
Zin
The Shining One

Annotations:
D:8 4 runed doors


Innate Abilities, Weirdness & Mutations

You are resistant to torment.
Your stone body is resilient. (AC +8)
You are immune to poison.
You resist negative energy. (rN+)
You are resistant to electric shocks. (rElec)
You can survive without breathing.
You are immune to petrification.
You are immune to rotting.


Message History

The polar bear is heavily wounded.
The polar bear bites you but does no damage.
You block the polar bear's attack.
The polar bear claws you but does no damage.
The polar bear bites you!
* * * LOW HITPOINT WARNING * * *
The polar bear claws you but does no damage. x2
You barely miss the polar bear.
The polar bear is heavily wounded.
A demon appears!
You block the polar bear's attack. The polar bear claws you.
* * * LOW HITPOINT WARNING * * *
The polar bear claws you but does no damage.
The polar bear bites you!
* * * LOW HITPOINT WARNING * * *
The polar bear claws you but does no damage.
You block the polar bear's attack.
You puncture the polar bear!
The polar bear is heavily wounded.
The polar bear bites you.
You die...

≈≈≈≈≈##.............##
≈≈≈≈≈#...............
≈≈≈ #..............#
≈≈≈ #..............#
##.............#
###..........##
###.##......##
........#...#
.....#.@h..##
###....h#..#
#...3..##..# #..P.#P/#
..# #...##!.P #..#
#... P...# .## #..
P#...# .. ## P##....
#.. .. P...#


You could see 2 polar bears and a friendly neqoxec.

Vanquished Creatures
  A hydra (D:10)
  The ghost of Ymberti the Thaumaturge, a journeyman DEFE of Vehumet (Lair:2)
  2 two-headed ogres
  The ghost of Asgaroth the Martial Artist, a novice DsFi of Uskayaw (D:6)
  3 spiny frogs (Lair:1)
  Joseph (D:9)
  2 centaur skeletons (D:10)
  3 komodo dragons
  3 polar bears (Lair:3)
  2 dream sheep (D:10)
  A hippogriff (Lair:1)
  A wyvern (D:8)
  A wraith (D:10)
  11 yaks
  A basilisk (Lair:1)
  5 water moccasins
  4 swamp worms (Lair:2)
  5 porcupines (Lair:2)
  3 sky beasts
  4 orc warriors
  7 black bears
  3 ogres (D:8)
  3 ice beasts
  A necrophage (D:5)
  2 phantoms (D:7)
  11 wolves
  3 centaurs
  3 crocodiles
  3 big kobolds (D:10)
  Blork the orc (D:6)
  9 bullfrogs
  A gnoll sergeant (D:8)
  A wyvern skeleton (D:10)
  2 scorpions (D:5)
  5 killer bees (D:7)
  4 wights (D:5)
  2 electric eels
  A howler monkey (D:4)
  6 crimson imps
  A centaur zombie (D:7)
  5 orc priests
  4 hounds
  5 jellies
  Crazy Yiuf (D:2)
  5 orc wizards
  2 iguanas
  10 worker ants
  2 hound skeletons
  3 worker ant zombies
  11 adders
  11 gnolls
  A shadow imp (D:5)
  2 oozes
  2 adder skeletons (D:4)
  An adder zombie (D:7)
  4 worms
  3 dart slugs
  6 leopard geckos
  20 orcs
  11 bats
  7 giant cockroaches
  9 goblins
  5 hobgoblins
  8 jackals
  5 quokkas
  5 ball pythons
  11 frilled lizards
  9 kobolds
  2 quokka skeletons
  5 rats
  A fungus (D:4)
300 creatures vanquished.

Vanquished Creatures (collateral kills)
  A catoblepas (Lair:2)
  A komodo dragon (Lair:2)
  A rime drake (Lair:2)
  4 yaks (Lair:1)
  A water moccasin (Lair:1)
  A porcupine (Lair:2)
  A big kobold (D:10)
  A bullfrog (Lair:2)
11 creatures vanquished.

Vanquished Creatures (others)
  4 fungi
  5 plants (Lair:2)
9 creatures vanquished.

Grand Total: 320 creatures vanquished

Notes
Turn   | Place    | Note
-------+----------+-------------------------------------------
     0 | D:1      | kae the Gargoyle Fighter began the quest for the Orb.
     0 | D:1      | Reached XP level 1. HP: 14/14 MP: 1/1
    46 | D:1      | Reached skill level 2 in Polearms
    51 | D:1      | Reached XP level 2. HP: 19/19 MP: 2/2
   207 | D:1      | Reached XP level 3. HP: 21/23 MP: 3/3
   568 | D:2      | Reached skill level 3 in Polearms
   568 | D:2      | Reached XP level 4. HP: 29/29 MP: 4/4
   791 | D:2      | Found a hide-covered altar of Uskayaw.
   891 | D:2      | Found a sparkling altar of Nemelex Xobeh.
  1014 | D:2      | Found a runed door.
  1202 | D:2      | Found a hazy altar of Hepliaklqana.
  1284 | D:2      | Noticed Crazy Yiuf
  1295 | D:2      | Killed Crazy Yiuf
  1295 | D:2      | Reached XP level 5. HP: 17/33 MP: 5/5
  1894 | D:3      | Found a bloodstained altar of Trog.
  2020 | D:3      | Found a sacrificial altar of Ru.
  2304 | D:4      | Found an ancient bone altar of Kikubaaqudgha.
  2311 | D:4      | Noticed a centaur
  2323 | D:4      | Killed a centaur
  2323 | D:4      | Reached skill level 4 in Polearms
  2323 | D:4      | Reached XP level 6. HP: 36/39 MP: 6/6
  2461 | D:4      | Found a snail-covered altar of Cheibriados.
  2565 | D:4      | Reached skill level 5 in Armour
  2948 | D:4      | Found a staircase to the Ecumenical Temple.
  3032 | Temple   | Entered the Ecumenical Temple
  3078 | Temple   | Became a worshipper of Makhleb the Destroyer
  3278 | D:4      | Found a shattered altar of Ashenzari.
  3588 | D:5      | Entered Level 5 of the Dungeon
  3606 | D:5      | Reached skill level 5 in Polearms
  3606 | D:5      | Reached XP level 7. HP: 31/44 MP: 7/7
  3785 | D:5      | Reached skill level 5 in Fighting
  4083 | D:5      | Reached XP level 8. HP: 43/50 MP: 8/8
  4086 | D:5      | Reached skill level 6 in Polearms
  4348 | D:5      | Reached * piety under Makhleb
  4409 | D:5      | Found a shadowy altar of Dithmenos.
  4524 | D:6      | Reached skill level 7 in Polearms
  4571 | D:6      | HP: 1/52 [orc wizard/puff of frost (9)]
  4953 | D:6      | Noticed a yak
  4962 | D:6      | Killed a yak
  4962 | D:6      | Reached XP level 9. HP: 51/56 MP: 9/9
  5036 | D:6      | Noticed Blork the orc
  5056 | D:6      | Killed Blork the orc
  5252 | D:6      | Noticed Asgaroth's ghost (novice DsFi)
  5284 | D:6      | HP: 2/57 [Asgaroth's ghost (11)]
  5285 | D:6      | Killed Asgaroth's ghost
  5285 | D:6      | Reached skill level 8 in Polearms
  5594 | D:6      | Found a shimmering altar of Xom.
  5871 | D:7      | Found a stormy altar of Qazlal.
  5871 | D:7      | Found a glowing golden altar of the Shining One.
  6932 | D:7      | Reached ** piety under Makhleb
  6932 | D:7      | Reached skill level 9 in Polearms
  7219 | D:8      | Reached XP level 10. HP: 64/64 MP: 10/10
  7399 | D:8      | Found a huge runed gate.
  7400 | D:8      | Found a huge runed gate.
  7400 | D:8      | Found a huge runed gate.
  7400 | D:8      | Found a huge runed gate.
  7401 | D:8      | Noticed a manticore
  7401 | D:8      | Noticed a manticore
  7498 | D:8      | Found a snail-covered altar of Cheibriados.
  7657 | D:8      | Found a staircase to the Lair.
  7668 | D:8      | Reached skill level 10 in Polearms
  7749 | D:8      | Noticed a two-headed ogre
  7758 | D:8      | Killed a two-headed ogre
  8417 | D:9      | You fall through a shaft!
  8417 | D:10     | Entered Level 10 of the Dungeon
  8428 | D:10     | Reached skill level 1 in Invocations
  8453 | D:10     | Reached XP level 11. HP: 71/71 MP: 12/12
  8502 | D:10     | Reached *** piety under Makhleb
  8604 | D:10     | Noticed a two-headed ogre
  8619 | D:10     | Killed a two-headed ogre
  8747 | D:10     | Reached skill level 11 in Polearms
  8829 | D:10     | Noticed a three-headed hydra
  8849 | D:10     | Killed a three-headed hydra
  9281 | D:10     | Reached skill level 10 in Armour
  9600 | D:9      | Noticed Joseph
  9620 | D:9      | Killed Joseph
  9620 | D:9      | Reached skill level 10 in Fighting
 10119 | Lair:1   | Entered Level 1 of the Lair of Beasts
 11086 | Lair:1   | Reached **** piety under Makhleb
 11093 | Lair:1   | Reached skill level 5 in Invocations
 11326 | Lair:2   | Reached XP level 12. HP: 78/78 MP: 15/15
 11368 | Lair:2   | HP: 2/78 [komodo dragon (11)]
 11369 | Lair:2   | Reached skill level 12 in Polearms
 11679 | Lair:2   | Noticed a catoblepas
 11706 | Lair:2   | Killed a catoblepas
 11903 | Lair:2   | Noticed Ymberti's ghost (journeyman DEFE)
 11923 | Lair:2   | Killed Ymberti's ghost
 12307 | Lair:2   | Found a staircase to the Swamp.
 12960 | Lair:2   | Noticed an eight-headed hydra
 13754 | Lair:3   | HP: 1/80 [polar bear (9)]
 13755 | Lair:3   | Slain by a polar bear

Skill      XL: |  1  2  3  4  5  6  7  8  9 10 11 12 |
---------------+-------------------------------------+-----
Polearms       | 2 3 4 5 7 9 10 11 12 | 12.5
Armour         | 4 5 6 8 9 10 11 | 11.1
Fighting       | 4 5 6 8 9 10 11 | 11.0
Invocations    | 2 5 6 |  6.1
Shields        | |  3.2

Action                   |  1- 3 |  4- 6 |  7- 9 | 10-12 || total
-------------------------+-------+-------+-------+-------++-------
Melee: Trident           |   128 |    67 |    12 |  1003 ||  1210
       Spear             |       |   208 |   440 |    71 ||   719
Invok: Lesser Servant of |       |       |       |     9 ||     9
       Minor Destruction |       |       |       |     3 ||     3
Evoke: Wand              |       |       |       |    23 ||    23
  Use: Scroll            |       |     4 |    16 |     7 ||    27
       Potion            |       |       |     1 |     1 ||     2
 Stab: Petrified         |       |       |       |     2 ||     2
       Distracted        |       |       |       |     1 ||     1
  Eat: Chunk             |       |     9 |    12 |    22 ||    43
Armor: Scale mail        |    74 |   111 |   185 |   522 ||   892
Dodge: Dodged            |    36 |    67 |    91 |   206 ||   400
Block: Shield            |    63 |   107 |   146 |   442 ||   758
